[Event "CCT9 Blitz Tournament"]
[Site "chessclub.com"]
[Date "2007.02.18"]
[Round "6"]
[White "HomerX"]
[Black "Buzz"]
[Result "1-0"]
[WhiteElo "2725"]
[BlackElo "2692"]
[TimeControl "300+3"]
[Annotator "16... -0.34"]

1. e4 c5 2. Nf3 d6 3. d4 cxd4 4. Nxd4 Nf6 5. Nc3 e6 6. Be2 a6 7. O-O Be7 8.
f4 O-O 9. Be3 Nc6 10. Kh1 Qc7 11. Qe1 Nxd4 12. Bxd4 b5 13. a3 Bb7 14. Qg3
Bc6 15. Rae1 Rfd8 16. Bf3 g6 {-0.34/10} 17. Qf2 Qb7 {-0.34/11} 18. e5
Nd5 {-0.38/10} 19. Ne4 h5 {-0.38/10} 20. Rd1 a5 {-0.37/10} 21. exd6
Bxd6 {-0.49/10} 22. Nxd6 Rxd6 {-1.17/11} 23. Qe1 Rad8 {-1.21/11} 24. Bc5
R6d7 {-1.08/11} 25. Qxa5 Rc8 {-1.12/10} 26. Bg1 Nf6 {-1.10/10} 27. Rxd7
Qxd7 {-1.07/11} 28. Rd1 Bd5 {-0.99/11} 29. Rd2 Qc6 {-0.98/11} 30. Bd4
Ne4 {-1.04/12} 31. Bxe4 Bxe4 {-1.04/11} 32. Bc3 Qc4 {-1.04/11} 33. Kg1
Qc5+ {-1.08/10} 34. Bd4 Qc6 {-1.10/11} 35. c3 Ra8 {-1.18/10} 36. Qb4
Bd5 {-1.21/10} 37. Qe7 Rc8 {-1.20/11} 38. b3 Ra8 {-1.27/10} 39. Be5
Qa6 {-1.61/11} 40. Qf6 Kf8 {-1.65/11} 41. a4 Ke8 {-1.78/10} 42. Qh8+
Ke7 {-1.73/11} 43. Qg7 Ke8 {-1.70/10} 44. Bf6 Qb6+ {-1.70/10} 45. Rd4
Qc5 {-1.82/11} 46. Qh8+ Qf8 {-2.02/13} 47. Qxf8+ Kxf8 {-2.03/13} 48. axb5
Bxb3 {-2.10/12} 49. c4 Ba4 {-2.09/13} 50. Rd7 Ke8 {-2.43/12} 51. Re7+
Kf8 {-3.41/14} 52. b6 Bc6 {-4.17/13} 53. Rc7 Be4 {-4.36/12} 54. c5
Ke8 {-5.09/11} 55. c6 Bxc6 {-8.74/11} 56. Rxc6 Rb8 {-9.98/10} 57. Rd6
g5 {-11.60/10} 58. b7 g4 {-11.28/10} 59. Rd8+ Rxd8 {-13.82/10} 60. Bxd8
Kxd8 {-11.58/11} 61. b8=Q+ Ke7 {-11.47/10} 62. Qc7+ Kf8 {-11.90/11} 63.
Qc5+ Kg7 {-11.84/10} 64. Qxh5 Kf8 {-13.45/11} 65. Qxg4 f5 {-21.52/12} 66.
Qxf5+ exf5 {-4.02/19} 67. g3 Ke7 {-10.23/20} 68. h4 Kf6 {-10.38/20} 69. Kf2
Kg6 {-4.90/18} 70. Kg2 Kh5 {-10.35/19} 71. Kf3 Kg6 {-11.69/17} 72. g4
Kf6 {-11.67/15} 73. h5 Ke6 {-11.52/14} 74. h6 fxg4+ {-10.47/13} 75. Kxg4
Kf6 {-20.61/17} 76. f5 Kf7 {-319.80/16} 77. Kg5 Kf8 {-319.82/18} 78. f6
Kg8 {-319.84/33} 79. Kf5 Kf8 {-319.86/65} 80. Ke6 Kg8 {-319.88/128} 81. f7+
Kf8 {-319.90/128} 82. h7 Kg7 {-319.92/128} 83. f8=R Kg6 {-319.94/128} 84.
h8=Q Kg5 {-319.96/128} 85. Qg7+ Kh5 {-319.98/128} 86. Rh8#
{Buzz checkmated} 1-0

[Event "CCT9 Blitz Tournament"]
[Site "chessclub.com"]
[Date "2007.02.18"]
[Round "7"]
[White "Buzz"]
[Black "DeltomateX"]
[Result "1/2-1/2"]
[WhiteElo "2692"]
[BlackElo "2316"]
[TimeControl "300+3"]
[Annotator "6. +0.11"]

1. e4 c5 2. Nf3 d6 3. d4 Nf6 4. dxc5 Nxe4 5. cxd6 Qb6 6. Qd4 {+0.11/10}
Qxd4 7. Nxd4 {+0.14/12} Nxd6 8. Bf4 {+0.15/12} Nc6 9. Nxc6 {+0.15/12} bxc6
10. Nc3 {+0.17/12} f6 11. Be2 {+0.14/12} e5 12. Be3 {+0.18/11} Nf5 13.
Bf3 {+0.14/10} Bb7 14. a3 {+0.12/10} Nxe3 15. fxe3 {+0.06/12} O-O-O 16.
Bg4+ {+0.16/10} Kb8 17. O-O {+0.16/11} Bc5 18. Rae1 {+0.12/12} h5 19.
Bf5 {+0.14/12} Ba6 20. Rf2 {+0.14/12} Bc4 21. Kh1 {+0.14/10} h4 22.
b4 {+0.14/11} Be7 23. Rb1 {+0.09/11} Rh5 24. Rd1 {+0.12/11} Rxd1+ 25.
Nxd1 {+0.09/12} Bf7 26. e4 {+0.06/12} Rh8 27. Rd2 {+0.09/13} Rd8 28.
Rd7 {+0.00/14} Rxd7 29. Bxd7 {+0.04/14} Kc7 30. Bg4 {-0.04/15} a5 31.
bxa5 {+0.00/13} Bxa3 32. Be2 {+0.11/13} Bc5 33. Bd3 {+0.12/13} Bh5 34.
Nb2 {+0.15/15} Bd4 35. Na4 {+0.00/14} h3 36. c3 {+0.00/15} Be3 37.
a6 {-0.64/14} Bg4 38. Bc4 {-0.79/14} Kb8 39. Bf1 {-1.02/14} g6 40.
gxh3 {-1.12/14} Bf3+ 41. Bg2 {-1.53/15} Be2 42. h4 {-1.67/17} Kc7 43.
Bh3 {-1.14/14} Bd3 44. Bg2 {-1.11/14} Bxa6 45. Bf3 {-1.12/15} Bd3 46.
Nb2 {-1.07/15} Bc2 47. Kg2 {-1.21/14} Bd2 48. h5 {-1.23/14} gxh5 49.
Nd1 {-1.24/14} Kd6 50. h4 {-1.24/14} c5 51. Kf2 {-1.10/14} c4 52.
Ke2 {-1.04/14} Bc1 53. Nf2 {-1.07/15} Bf4 54. Bxh5 {-1.06/15} Bg3 55.
Kd2 {-1.11/14} Bb1 56. Kc1 {-1.00/15} Ba2 57. Kb2 {-1.01/15} Bb3 58.
Ng4 {-1.04/16} Bxh4 59. Be8 {-1.06/16} Bg5 60. Nf2 {-1.09/16} Ke6 61.
Bc6 {-1.05/15} Bf4 62. Bd5+ {-1.05/16} Kd6 63. Bf7 {-1.08/16} Be3 64.
Ng4 {-1.08/16} Bg5 65. Nf2 {-1.11/17} Kc5 66. Be8 {-1.11/17} Kb6 67.
Bd7 {-1.05/16} Kc7 68. Be8 {-1.05/17} Bf4 69. Bf7 {-1.02/16} Kd6 70.
Be8 {-1.06/15} Ke6 71. Bc6 {-1.13/15} Be3 72. Ng4 {-1.02/16} Bd2 73.
Bd5+ {-1.03/16} Ke7 74. Nf2 {-1.04/16} Kd6 75. Bf7 {-1.05/16} Kc5 76.
Be8 {-1.01/17} Kb6 77. Bd7 {-1.02/16} Bg5 78. Be8 {-1.08/16} Kc5 79.
Bd7 {-1.11/16} Bf4 80. Be8 {-1.01/16} Bd2 81. Bd7 {-1.04/16} Kd6 82.
Bb5 {-1.06/16} Kc7 83. Be8 {-1.00/16} Bg5 84. Bf7 {-1.04/15} Kc6 85.
Be8+ {-1.00/15} Kb7 86. Bf7 {-1.01/15} Ka6 87. Be6 {-1.04/16} Kb5 88.
Bd7+ {-1.01/17} Ka5 89. Be6 {-1.02/16} Ka6 90. Bc8+ {-0.95/15} Ka7 91.
Be6 {-1.03/16} Bh4 92. Ng4 {-1.01/16} Kb6 93. Ne3 {-1.01/15} Kc5 94.
Bd7 {-1.01/17} Bg5 95. Nc2 {-1.01/15} Kb6 96. Be6 {-0.96/15} Kb5 97.
Bd7+ {-0.98/16} Kc5 98. Kb1 {-1.02/15} Kd6 99. Be8 {-0.99/15} Bh6 100.
Na3 {-0.94/15} Kc5 101. Bf7 {-0.94/17} Bd2 102. Kb2 {-0.94/17} Bg5 103.
Be6 {-0.09/14} Bf4 104. Bf5 {+0.00/15} Kd6 105. Nb5+ {+0.00/19} Kc6 106.
Na3 {+0.00/17} Be3 107. Be6 {+0.00/16} Kc5 108. Bf5 {+0.00/24} Bd4
{Game drawn by the 50 move rule} 1/2-1/2

[Event "CCT9 Blitz Tournament"]
[Site "chessclub.com"]
[Date "2007.02.18"]
[Round "8"]
[White "witchess"]
[Black "Buzz"]
[Result "1-0"]
[WhiteElo "2558"]
[BlackElo "2692"]
[TimeControl "300+3"]
[Annotator "9... -0.03"]

1. e4 c5 2. Nc3 Nc6 3. g3 g6 4. Bg2 Bg7 5. d3 d6 6. Nge2 e6 7. a3 Nge7 8.
O-O O-O 9. Bg5 Qb6 {-0.03/10} 10. Rb1 a5 {+0.00/9} 11. Qd2 f6 {-0.01/11}
12. Bh6 Bxh6 {+0.04/12} 13. Qxh6 Nd4 {+0.05/11} 14. Nxd4 cxd4 {+0.10/12}
15. Ne2 e5 {+0.10/10} 16. c4 a4 {+0.18/11} 17. f4 Rf7 {+0.16/10} 18. Bf3
f5 {+0.22/10} 19. Qg5 fxe4 {+0.24/10} 20. Bxe4 Bf5 {+0.25/10} 21. Bxf5
Nxf5 {+0.45/11} 22. Rfe1 Ne3 {+1.14/11} 23. Qh6 e4 {+1.91/10} 24. Nc1
exd3 {+1.83/11} 25. Nxd3 Nxc4 {+1.57/10} 26. f5 gxf5 {+2.15/10} 27. Qg5+
Kh8 {+2.17/11} 28. Qh5 Raf8 {+1.98/11} 29. Re8 Rf6 {+1.25/11} 30. Rf1
Qb5 {+1.13/11} 31. Re7 h6 {+2.02/10} 32. Rc1 d5 {+2.06/9} 33. Qe2
Qb6 {+1.87/9} 34. Qf3 Rd8 {+1.97/10} 35. Qf4 Kg8 {+1.82/9} 36. Rc2
Kf8 {+1.90/9} 37. Rce2 Ne3 {+0.15/10} 38. Qe5 Qd6 {+0.03/10} 39. Qxd6
Rfxd6 {+0.14/13} 40. Rxb7 Rc8 {+0.14/12} 41. Ra7 Rc4 {+0.04/11} 42. Re1
Rdc6 {+0.83/11} 43. Ne5 Rc1 {+0.10/12} 44. Nxc6 Rxe1+ {+0.13/11} 45. Kf2
Rh1 {+0.10/11} 46. Nxd4 Ng4+ {-0.01/12} 47. Kf3 Rf1+ {-0.05/12} 48. Ke2
Rf2+ {-0.05/11} 49. Kd3 Rxb2 {+0.00/11} 50. h3 Nf2+ {-0.01/12} 51. Ke3
Ne4 {+0.00/12} 52. Rxa4 Nxg3 {-0.06/11} 53. Kf4 Ne2+ {-0.13/11} 54. Kxf5
Kf7 {-0.11/11} 55. Ra7+ Kg8 {-0.11/12} 56. Ne6 Rb6 {-0.88/11} 57. a4
Ng3+ {-1.26/11} 58. Ke5 Rb3 {-1.22/11} 59. Rg7+ Kh8 {-1.26/12} 60. Rg4
Ne2 {-0.33/12} 61. Rh4 Kh7 {-1.17/12} 62. Kxd5 Ra3 {-0.32/11} 63. Ke5
Ng1 {-0.31/13} 64. Rg4 Nxh3 {-0.29/12} 65. Rg7+ Kh8 {-0.35/13} 66. Ra7
Rg3 {-0.38/12} 67. a5 Ng5 {-0.42/11} 68. Nf4 Nh3 {-0.44/11} 69. Nxh3
Rxh3 {-1.41/11} 70. a6 Ra3 {-1.56/12} 71. Kf6 Ra1 {-1.58/12} 72. Kg6
Rg1+ {-1.59/12} 73. Kxh6 Rh1+ {-1.64/12} 74. Kg5 Rg1+ {-1.67/12} 75. Kf6
Rf1+ {-1.67/13} 76. Ke6 Re1+ {-1.62/12} 77. Kd6 Rd1+ {-1.67/13} 78. Kc7
Rc1+ {-1.67/12} 79. Kb8 Ra1 {-1.86/13} 80. Ra8 Kg7 {-1.86/12} 81. Ka7
Kf7 {-1.91/12} 82. Rb8 Ke7 {-1.97/11} 83. Rb5 Rd1 {-5.33/11} 84. Kb6
Rd6+ {-5.42/11} 85. Ka5 Rd2 {-5.42/11} 86. a7 Kf7 {-5.42/12} 87. Rb8
Ra2+ {-5.42/13} 88. Kb6 Rb2+ {-5.42/12} 89. Kc5 Rc2+ {-5.42/12} 90. Kd4
Rd2+ {-5.42/11} 91. Kc4 Ra2 {-5.42/11} 92. a8=Q Rxa8 {-5.42/13} 93. Rxa8
Kg7 {-319.74/14} 94. Kd5 Kf6 {-319.80/14} 95. Rf8+ Kg5 {-319.82/16} 96. Ke5
Kg4 {-319.82/15} 97. Ke4 Kg5 {-319.82/18} 98. Kd4 Kg4 {-5.42/12} 99. Rc8
Kf5 {-319.76/15} 100. Rh8 Kf6 {-319.74/16} 101. Rh2 Kg5 {-319.76/15} 102.
Ke5 Kg4 {-319.82/17} 103. Rc2 Kf3 {-319.80/16} 104. Rd2 Ke3 {-319.78/17}
105. Rd8 Kf3 {-319.80/15} 106. Rd3+ Ke2 {-319.82/17} 107. Ke4
Kf2 {-319.84/19} 108. Rd7 Kg3 {-319.84/17} 109. Re7 Kg4 {-319.86/24} 110.
Rg7+ Kh5 {-319.88/51} 111. Kf4 Kh6 {-319.88/75} 112. Rg4 Kh7 {-319.90/128}
113. Ke5 Kh6 {-319.92/128} 114. Kf6 Kh7 {-319.94/128} 115. Rh4+
Kg8 {-319.96/128} 116. Rh5 Kf8 {-319.98/128} 117. Rh8#
{Buzz checkmated} 1-0

[Event "ACCA Challenge Match"]
[Site "chessclub.com"]
[Date "2007.04.07"]
[Round "1"]
[White "Buzz"]
[Black "Symbolic"]
[Result "1/2-1/2"]
[WhiteElo "2692"]
[BlackElo "2582"]
[TimeControl "840+1"]
[Annotator "15. +0.16"]

1. e4 e5 2. Nf3 Nc6 3. Bb5 a6 4. Ba4 Nf6 5. O-O Nxe4 6. d4 b5 7. Bb3 d5 8.
dxe5 Be6 9. c3 Be7 10. Nbd2 O-O 11. Qe2 Nc5 12. Nd4 Nxb3 13. Nxc6 Nxc1 14.
Raxc1 Qe8 15. Nxe7+ {+0.16/11} Qxe7 16. f4 Bf5 17. g4 {+0.17/11} Bd7 18.
Qg2 {+0.15/10} c6 19. Rce1 {+0.10/11} b4 20. Nb3 {+0.13/12} bxc3 21.
bxc3 {-0.01/12} Rfe8 22. f5 {+0.18/11} a5 23. Qf2 {+0.17/11} Bc8 24.
Qd4 {+0.13/11} h5 25. h3 {+0.17/11} a4 26. Nc5 {+0.13/12} Ra5 27.
Nd3 {+0.15/11} hxg4 28. hxg4 {+0.11/11} c5 29. Qe3 {-0.04/11} Qh4 30.
Qf4 {-0.04/11} Ba6 31. Rd1 {-0.16/12} Qe7 32. Rfe1 {+0.06/11} Bxd3 33.
Rxd3 {+0.21/11} Qh4 34. Re2 {+0.21/11} c4 35. Rd1 {+0.26/11} Qd8 36.
Qd4 {+0.30/11} Qh4 37. Kg2 {+0.40/12} Ra6 38. Rh1 {+0.73/12} Qd8 39.
Kf3 {+1.03/12} Rh6 40. Rxh6 {+1.09/13} gxh6 41. f6 {+1.17/12} Qb8 42.
Qxd5 {+1.21/12} Qb1 43. Kf2 {+1.14/11} Qd3 44. Qh1 {+1.73/12} Kh7 45.
Qb7 {+1.35/12} Qg6 46. a3 {+1.48/11} h5 47. Qc6 {+1.32/11} Rd8 48.
Qxc4 {+1.52/11} hxg4 49. Qxa4 {+1.26/11} Qf5+ 50. Kg1 {+1.10/12} Kg6 51.
Qe4 {+0.97/12} Qxe4 52. Rxe4 {+0.88/13} Kf5 53. Rd4 {+0.70/13} Rc8 54.
c4 {+0.97/12} Rc6 55. Kg2 {+0.25/12} Kxe5 56. Rxg4 {+0.20/12} Rxf6 57.
Rg5+ {+0.15/11} Kd4 58. c5 {+0.13/12} Ra6 59. a4 {+0.12/12} f5 60.
Rxf5 {+1.16/11} Ra5 61. Rf4+ {+0.24/12} Kxc5 62. Kf2 {+0.20/12} Kb6 63.
Ke3 {+0.24/11} Ka7 64. Kd3 {+1.16/12} Re5 65. Kc4 {+1.25/12} Re1 66.
Kb4 {+1.24/12} Kb8 67. a5 {+1.33/12} Re6 68. Rf5 {+1.37/13} Re7 69.
Kb5 {+1.34/12} Kb7 70. a6+ {+1.42/12} Ka7 71. Rf6 {+0.12/12} Rg7 72.
Re6 {+0.12/12} Rc7 73. Re5 {+0.12/13} Rf7 74. Rg5 {+0.08/13} Rf2 75.
Rg7+ {+0.04/12} Kb8 76. Rh7 {+0.04/13} Rf1 77. Re7 {+0.04/12} Rf4 78.
Re6 {+0.04/13} Rf2 79. Kb4 {+0.04/12} Rg2 80. Kb3 {+0.04/12} Kc7 81.
Rf6 {+0.08/11} Rg8 82. Kc4 {+0.12/11} Rg1 83. Rh6 {+0.08/11} Rf1 84.
Kb3 {+0.04/12} Rf3+ 85. Kb4 {+0.04/12} Rf7 86. Kc5 {+0.04/12} Rf4 87.
Rc6+ {+0.08/13} Kb8 88. Kb6 {+0.04/14} Ra4 89. Rf6 {+0.04/13} Rb4+ 90.
Kc5 {+0.04/13} Rb1 91. Kc6 {+0.00/12} Rd1 92. Rf7 {+0.04/13} Rh1 93.
Kb6 {+0.00/13} Rh6+ 94. Ka5 {+0.00/14} Rd6 95. Rb7+ {+0.04/13} Kc8 96.
Rb5 {+1.58/12} Rd7 97. Kb6 {+1.58/12} Rd6+ 98. Ka7 {+1.58/13} Rd7+ 99.
Ka8 {+1.70/13} Rd2 100. Rc5+ {+1.70/12} Kd7 101. a7 {+1.66/13} Rb2 102.
Rc1 {+1.62/14} Rh2 103. Kb7 {+1.78/14} Rb2+ 104. Ka6 {+1.82/14} Ra2+ 105.
Kb6 {+1.82/13} Rb2+ 106. Kc5 {+1.82/13} Ra2 107. Rh1 {+1.86/13} Kc7 108.
Rh7+ {+1.82/13} Kc8 109. Kb6 {+1.86/14} Rb2+ 110. Kc6 {+1.82/15} Rc2+ 111.
Kd5 {+1.82/15} Rd2+ 112. Kc4 {+1.82/15} Ra2 113. Kb3 {+1.82/14} Ra5 114.
Rf7 {+1.82/14} Ra1 115. Rg7 {+1.82/14} Ra5 116. Kc4 {+1.82/14} Ra2 117.
Kb5 {+1.82/14} Ra3 118. Kb6 {+1.82/15} Rb3+ 119. Ka5 {+1.82/16} Ra3+ 120.
Kb5 {+1.82/16} Ra2 121. Kb6 {+1.82/16} Rb2+ 122. Kc6 {+1.82/16} Rc2+ 123.
Kd5 {+1.82/16} Rd2+ 124. Ke5 {+1.82/15} Re2+ 125. Kd4 {+1.82/15} Rd2+ 126.
Kc3 {+1.82/16} Ra2 127. Kd4 {+0.00/15} Ra3 128. Kc5 {+1.82/14} Ra6 129.
Kb5 {+0.00/15} Ra1 130. Re7 {+1.82/14} Rb1+ 131. Kc6 {+1.82/14} Rc1+ 132.
Kd5 {+1.82/15} Ra1 133. Rf7 {+1.82/14} Ra3 134. Kc5 {+1.82/15} Ra2 135.
Kb4 {+1.82/15} Ra1 136. Kb5 {+1.82/15} Rb1+ 137. Ka4 {+1.82/17} Ra1+ 138.
Kb3 {+1.82/16} Ra5 139. Kb2 {+1.82/15} Ra6 140. Rg7 {+1.82/15} Ra5 141.
Kc2 {+1.82/15} Ra1 142. Rf7 {+1.82/15} Ra6 143. Kb2 {+1.82/15} Ra4 144.
Kc2 {+0.00/15} Ra3 145. Re7 {+1.82/14} Ra5 146. Kc3 {+1.82/14} Ra2 147.
Kb3 {+1.82/13} Ra6 148. Kb4 {+1.82/14} Ra2 149. Kb5 {+1.82/12} Ra1 150.
Kc4 {+1.82/12} Ra2 151. a8=B {+0.00/12} Rxa8 152. Kb3 {+0.00/11} Ra6 153.
Re1 {+0.00/10} Kd7 154. Rd1+ {+0.00/10} Rd6 155. Ra1 {+0.00/11} Kc6 156.
Kc4 {+0.00/11} Kc7 157. Re1 {+0.00/11} Kc8 158. Rh1 {+0.00/11} Rf6 159.
Kd5 {+0.00/11} Rb6 160. Rh2 {+0.00/11} Rb4 161. Kc6 {+0.00/12} Kd8 162.
Rd2+ {+0.00/10} Ke7 163. Re2+ {+0.00/11} Kf8 164. Kc5 {+0.00/11} Rb8 165.
Ra2 {+0.00/11} Rb3 166. Kc4 {+0.00/11} Rh3 167. Rf2+ {+0.00/11} Kg7 168.
Rg2+ {+0.00/11} Kh8 169. Rb2 {+0.00/11} Rg3 170. Rh2+ {+0.00/11} Kg8 171.
Rd2 {+0.00/11} Rf3 172. Rg2+ {+0.00/11} Kh8 173. Rh2+ {+0.00/11} Kg8 174.
Rd2 {+0.00/12} Rg3 175. Rd8+ {+0.00/11} Kh7 176. Rd2 {+0.00/12} Re3 177.
Rh2+ {+0.00/11} Kg6 178. Rb2 {+0.00/11} Kf5 179. Rb1 {+0.00/10} Kg5 180.
Kd4 {+0.00/10} Re2 181. Kd3 {+0.00/10} Re7 182. Rc1 {+0.00/10} Kh4 183.
Rc4+ {+0.00/10} Kh3 184. Rc8 {+0.00/10} Rh7 185. Rb8 {+0.00/10} Rh6 186.
Kc4 {+0.00/10} Rh7 187. Kd5 {+0.00/10} Kg2 188. Kd6 {+0.00/11} Kf1 189.
Rf8+ {+0.00/9} Kg1 190. Rg8+ {+0.00/11} Kf2 191. Rb8 {+0.00/11} Rg7 192.
Rb2+ {+0.00/10} Kf3 193. Rb3+ {+0.00/10} Kf2 194. Rb8 {+0.00/11} Rg5 195.
Ke6 {+0.00/10} Kf1 196. Kf6 {+0.00/11} Rg4 197. Ra8 {+0.00/12} Kg1 198.
Ra1+ {+0.00/16} Kh2 199. Ra7 {+0.00/22} Kg2 200. Kf5 {+0.00/25} Kg3 201.
Rb7 {+0.00/32} Kg2
{Game drawn by the 50 move rule} 1/2-1/2

[Event "ACCA Challenge Match"]
[Site "chessclub.com"]
[Date "2007.04.07"]
[Round "2"]
[White "Symbolic"]
[Black "Buzz"]
[Result "1/2-1/2"]
[WhiteElo "2582"]
[BlackElo "2692"]
[TimeControl "840+1"]
[Annotator "16... -0.24"]

1. d4 Nf6 2. c4 g6 3. Nc3 Bg7 4. Nf3 d5 5. cxd5 Nxd5 6. e4 Nxc3 7. bxc3 c5
8. Rb1 O-O 9. Be2 Nc6 10. d5 Ne5 11. Nxe5 Bxe5 12. Qd2 b6 13. O-O Bg7 14.
f4 e6 15. Bc4 Bb7 16. Re1 exd5 {-0.24/11} 17. Bxd5 Qd7 {-0.09/11} 18. Bb2
c4 {-0.12/12} 19. Rbd1 Rac8 {-0.08/11} 20. f5 gxf5 {+0.03/11} 21. Bxb7
Qxb7 {+0.03/12} 22. exf5 Rfe8 {+0.01/11} 23. Ba3 Bf6 {+0.02/10} 24. Qf4
Rxe1+ {+0.09/11} 25. Rxe1 Qd7 {+0.03/11} 26. Qg3+ Kh8 {+0.01/12} 27. Be7
Bxe7 {+0.07/13} 28. Qe5+ f6 {+0.02/14} 29. Qxe7 Qxf5 {+0.00/13} 30. Qxa7
Qc5+ {+0.00/12} 31. Kh1 Qf2 {+0.00/13} 32. Rg1 Qe3 {-0.04/13} 33. a4
Re8 {-0.05/13} 34. a5 bxa5 {+0.12/13} 35. Qxa5 Rg8 {+0.00/13} 36. Qb4
Qe4 {+0.00/13} 37. Qb2 Qd3 {+0.00/13} 38. Qc1 Qd5 {+0.00/13} 39. Qf1
f5 {+0.00/14} 40. Qe1 Rg6 {+0.00/14} 41. Qe8+ Rg8 {+0.00/15} 42. Qe2
Qe4 {+0.00/15} 43. Qf2 f4 {+0.00/13} 44. Qb6 Rg6 {+0.00/13} 45. Qd8+
Kg7 {+0.00/14} 46. Qd7+ Kg8 {+0.00/14} 47. Qh3 Kh8 {+0.00/14} 48. Rf1
Rg8 {+0.00/13} 49. Qf3 Qxf3 {+0.03/13} 50. Rxf3 Ra8 {+0.00/13} 51. h4
Ra1+ {+0.00/13} 52. Kh2 Rc1 {+0.00/14} 53. g4 fxg3+ {+0.00/12} 54. Kxg3
Kg7 {+0.00/13} 55. Kf4 Kg6 {+0.03/12} 56. Ke5 Kh5 {+0.03/12} 57. Kd5
Kxh4 {+0.13/12} 58. Kxc4 h5 {+0.12/12} 59. Rf7 Kg5 {+0.22/11} 60. Kd4
h4 {+0.25/11} 61. Rg7+ Kf4 {+0.34/11} 62. Rf7+ Kg3 {+0.25/12} 63. Rg7+
Kh2 {+0.30/12} 64. c4 h3 {+0.30/12} 65. c5 Kh1 {+0.26/11} 66. Kd5
Rg1 {+0.00/12} 67. Rh7 h2 {+0.00/12} 68. Rxh2+ Kxh2 {+0.00/11} 69. Ke6
Rc1 {+0.00/14} 70. Kd5 Kg3 {+0.00/15} 71. Kc6 Rd1 {+0.00/16} 72. Kb7
Rd7+ {+0.00/15} 73. Kb8 Rh7 {+0.00/16} 74. c6 Rh8+ {+0.00/15} 75. Kb7
Rd8 {+0.00/15} 76. Ka6 Rc8 {+0.00/16} 77. Kb7 Rh8 {+0.00/17} 78. Kc7
Kf3 {+0.00/16} 79. Kb7 Rg8 {+0.00/16} 80. Ka7 Kg4 {+0.00/16} 81. c7
Kh4 {+0.00/18} 82. Kb6 Kg5 {+0.00/17} 83. Ka6 Rf8 {+0.00/17} 84. Ka7
Re8 {+0.00/17} 85. Ka6 Kf4 {+0.00/15} 86. Kb7 Re7 {+0.00/16} 87. Kc8
Re1 {+0.00/15} 88. Kd7 Rc1 {+0.00/16} 89. Kd6 Ke4 {+0.00/16} 90. Kd7
Rd1+ {+0.00/15} 91. Ke6 Rc1 {+0.00/15} 92. Kd6 Kd4 {+0.00/15} 93. Kd7
Rc5 {+0.00/14} 94. Kc8 Kc4 {+0.00/16} 95. Kb7 Rb5+ {+0.00/16} 96. Ka7
Rc5 {+0.00/16} 97. Kb7 Rb5+ {+0.00/17} 98. Kc8 Kb4 {+0.00/17} 99. Kd7
Rd5+ {+0.00/17} 100. Ke8 Rc5 {+0.00/16} 101. Kd7 Rc4 {+0.00/15} 102. Kd6
Kb5 {+0.00/14} 103. Kd7 Rd4+ {+0.00/15} 104. Ke6 Rc4 {+0.00/16} 105. Kd7
Rd4+ {+0.00/17} 106. Ke8 Rc4 {+0.00/16} 107. Kd8 Rc5 {+0.00/17} 108. c8=R
Rh5 {+0.00/11} 109. Kc7 Rh7+ {+0.00/11} 110. Kd8 Kb4 {+0.00/12} 111. Rc1
Rh2 {+0.00/12} 112. Rf1 Kc3 {+0.00/12} 113. Ke7 Kd2 {+0.00/11} 114. Rg1
Rh3 {+0.00/11} 115. Kf8 Ke2 {+0.00/11} 116. Rg2+ Kf1 {+0.00/12} 117. Rg7
Rh8+ {+0.00/12} 118. Kf7 Rh2 {+0.00/12} 119. Ke6 Re2+ {+0.00/11} 120. Kf5
Rc2 {+0.00/11} 121. Rg6 Rc5+ {+0.00/11} 122. Ke6 Rc6+ {+0.00/12} 123. Kf7
Rc7+ {+0.00/12} 124. Kf8 Rc8+ {+0.00/12} 125. Kf7 Rc3 {+0.00/12} 126. Rg8
Kf2 {+0.00/12} 127. Ke6 Rh3 {+0.00/12} 128. Kf5 Rh1 {+0.00/12} 129. Ke5
Re1+ {+0.00/12} 130. Kf4 Rc1 {+0.00/12} 131. Rh8 Kg2 {+0.00/12} 132. Kf5
Rc5+ {+0.00/12} 133. Ke6 Rc1 {+0.00/13} 134. Kd6 Rd1+ {+0.00/12} 135. Ke7
Ra1 {+0.00/13} 136. Rg8+ Kh3 {+0.00/13} 137. Kf6 Rf1+ {+0.00/12} 138. Ke5
Re1+ {+0.00/12} 139. Kf5 Ra1 {+0.00/13} 140. Ke5 Ra5+ {+0.00/12} 141. Ke6
Ra6+ {+0.00/13} 142. Kf5 Ra7 {+0.00/13} 143. Kg5 Ra1 {+0.00/13} 144. Rf8
Ra5+ {+0.00/12} 145. Kg6 Kg4 {+0.00/13} 146. Rf6 Rb5 {+0.00/12} 147. Rf2
Kg3 {+0.00/13} 148. Rf7 Rb6+ {+0.00/12} 149. Kf5 Rb2 {+0.00/13} 150. Rf6
Rf2+ {+0.00/12} 151. Kg6 Ra2 {+0.00/13} 152. Rf7 Ra6+ {+0.00/14} 153. Kh7
Ra2 {+0.00/16} 154. Kh8 Rh2+ {+0.00/22} 155. Kg8 Rb2 {+0.00/26} 156. Rg7+
Kf4 {+0.00/30} 157. Re7 Ra2 {+0.00/35} 158. Re8
{Game drawn by the 50 move rule} 1/2-1/2

[Event "ACCA Challenge Match"]
[Site "chessclub.com"]
[Date "2007.04.07"]
[Round "3"]
[White "Buzz"]
[Black "Symbolic"]
[Result "1/2-1/2"]
[WhiteElo "2672"]
[BlackElo "2583"]
[TimeControl "840+1"]
[Annotator "15. +0.25"]

1. e4 c5 2. Nf3 d6 3. d4 cxd4 4. Nxd4 Nf6 5. Nc3 a6 6. Be2 e6 7. O-O Be7 8.
f4 O-O 9. Be3 Qc7 10. g4 d5 11. exd5 Nxd5 12. Nxd5 exd5 13. Bf3 Rd8 14. Qd2
Bc5 15. Qc3 {+0.25/10} Bb6 16. Qxc7 {+0.33/12} Bxc7 17. Rad1 {+0.34/12} Nc6
18. Ne2 {+0.30/11} g6 19. h3 {+0.37/11} Be6 20. Kh1 {+0.31/10} Re8 21.
Bc5 {+0.31/10} h6 22. Nd4 {+0.33/11} Nxd4 23. Rxd4 {+0.11/12} Rac8 24.
f5 {+0.09/12} gxf5 25. gxf5 {+0.05/12} Bxf5 26. Rxd5 {-0.13/11} Be5 27.
c3 {-0.03/11} Bxh3 28. Rg1+ {+0.00/11} Kh7 29. Be4+ {-0.06/11} f5 30.
Bf3 {-0.03/13} Bg4 31. Bxg4 {-0.05/14} fxg4 32. Rxg4 {-0.04/13} Rcd8 33.
Rxd8 {-0.08/13} Rxd8 34. Bd4 {-0.08/13} h5 35. Re4 {-0.10/13} Bd6 36.
Re6 {+0.00/14} Rd7 37. Be3 {+0.00/14} Kg7 38. Bd4+ {+0.00/15} Kh7 39.
Be3 {+0.00/15} Kg7 40. Bd4+ {+0.00/16} Kh7
{Game drawn by repetition} 1/2-1/2

[Event "ACCA Challenge Match"]
[Site "chessclub.com"]
[Date "2007.04.07"]
[Round "4"]
[White "Symbolic"]
[Black "Buzz"]
[Result "1/2-1/2"]
[WhiteElo "2583"]
[BlackElo "2672"]
[TimeControl "840+1"]
[Annotator "14... +0.05"]

1. d4 Nf6 2. c4 g6 3. Nc3 Bg7 4. Nf3 d5 5. Qb3 dxc4 6. Qxc4 O-O 7. e4 a6 8.
Bf4 b5 9. Qxc7 Qxc7 10. Bxc7 Bb7 11. e5 Nd5 12. Nxd5 Bxd5 13. Bb6 Nc6 14.
Be2 Rfc8 {+0.05/12} 15. O-O Rab8 {-0.02/13} 16. Bc5 Nxe5 {-0.02/13} 17.
Nxe5 Bxe5 {-0.04/13} 18. Bxe7 Bxd4 {-0.06/13} 19. Rad1 Re8 {-0.12/14} 20.
Bd6 Rbd8 {-0.12/14} 21. Rxd4 Rxd6 {-0.12/13} 22. Bf3 Re5 {-0.18/13} 23. h3
Kf8 {-0.15/11} 24. Rc1 Ke7 {-0.08/11} 25. Rc7+ Ke6 {-0.08/12} 26. Bxd5+
Rexd5 {-0.06/13} 27. Re4+ Kf5 {-0.06/12} 28. Ree7 f6 {-0.02/12} 29. g3
h5 {-0.02/12} 30. b3 g5 {+0.01/11} 31. Re2 Rd1+ {+0.00/11} 32. Kg2
R1d2 {+0.00/12} 33. Rxd2 Rxd2 {+0.02/12} 34. a4 bxa4 {+0.00/12} 35. bxa4
Rd4 {+0.00/12} 36. Rc5+ Kg6 {+0.00/13} 37. Ra5 Rd6 {+0.00/13} 38. Rc5
Rd4 {+0.00/13} 39. Ra5 Rd6 {+0.00/14} 40. Rc5 Rd4 {+0.00/13}
{Game drawn by repetition} 1/2-1/2